cohdb
Replays
Latest Replays
All Replays
Popular Replays
Top Player Replays
Match Explorer
How It Works
Community
CoH3 Stats
Reddit
Sign in to upload your games and track your stats! →
Sign in with Steam
Match 42790398
Unlisted
Match 42790398
Overview
Messages
Build Orders
End
Kradschützen Motorcycle Team
250 Light Carrier
Selects Panzerjäger Kommand Battlegroup
Panzergrenadier Squad
Construct Light Support Kompanie
Selects Blockade Equipment
MG34 Team
2.5-tonne Medical Truck
Combat Half-tracks
Selects Tank Busters
Panzergrenadier Squad
Construct Mechanized Kompanie
Veteran Squad Leaders
Panzerjäger Mechanized Group
Construct Panzerarmee Kommand
Armored Reserves
Tiger Heavy Tank
Selects Crew Shock Tactics
Panzergrenadier Squad
Sol Invictus
Optimus-
Ct99x
dog
ItsBrettos
vonAJ
0
0
Comments
sign in to comment!
No comments posted yet!